 Dungeon Crawl Stone Soup version 0.28-a0-969-g2dcde036d2 (webtiles) character file.

Game seed: 7420638593675725115

56 Shadowsilk the Shooter (level 3, 0/27 HPs)
             Began as a Mummy Hunter on Dec 1, 2021.
             Slain by an adder (1 damage)
             ... on level 4 of the Dungeon.
             The game lasted 00:10:00 (1681 turns).

Shadowsilk the Shooter (Mummy Hunter)               Turns: 1681, Time: 00:10:01

Health: 0/27       AC:  6    Str: 15    XL:     3   Next: 69%
Magic:  3/3        EV: 11    Int: 10    God:
Gold:   90         SH:  0    Dex: 14    Spells: 2/2 levels left

rFire   x . .      SeeInvis .   h - +1 short sword (protect)
rCold   + . .      Faith    .   (no shield)
rNeg    + + +      Spirit   .   f - +0 ring mail
rPois   ∞          Reflect  .   g - +0 helmet
rElec   .          Harm     .   (no cloak)
rCorr   .          Rampage  .   (no gloves)
Will    .....                   (no boots)
Stlth   +.........              (no amulet)
HPRegen 0.09/turn               (no ring)
MPRegen 0.08/turn               (no ring)

@: no status effects
A: cold resistance 1, negative energy resistance 3, torment resistance 2, heat
vulnerability 1, no potions
a: no special abilities


You were on level 4 of the Dungeon.
You visited 1 branch of the dungeon, and saw 4 of its levels.

You collected 90 gold pieces.

Inventory:

Hand Weapons
 a - a +1 shortbow
 b - a +0 short sword
 h - a +1 short sword of protection (weapon)
Missiles
 d - 5 arrows
 e - 5 javelins
 i - 8 poisoned darts (quivered)
Armour
 c - a +0 leather armour
 f - a +0 ring mail (worn)
 g - a +0 helmet (worn)


   Skills:
 * Level 2.2 Fighting
 * Level 4.3 Bows
 + Level 0.1 Armour
 * Level 1.7 Dodging
 - Level 0.7 Stealth


You had 2 spell levels left.
You didn't know any spells.
Your spell library was empty.

Dungeon Overview and Level Annotations

Branches:
Dungeon (4/15)
 Temple: D:4-7

Altars:

Annotations:
D:3 Terence


Innate Abilities, Weirdness & Mutations

You are immune to poison.
Your flesh is cold resistant. (rC+)
You are immune to negative energy. (rN+++)
You are immune to unholy pain and torment.
You are vulnerable to heat. (rF-)
You do not drink.


Message History

Aim: a giant cockroach (59% to hit)
You throw a poisoned dart.
The poisoned dart hits the giant cockroach.
The giant cockroach is poisoned.
The adder bites you but does no damage. The giant cockroach barely misses you.
Throw: 12 darts (poison)
Press: ? - help, Q - select action, (/) - cycle Shift-Dir - straight line, f/p - giant cockroach
Aim: a giant cockroach (moderately wounded, poisoned, 59% to hit)
You throw a poisoned dart.
The poisoned dart hits the giant cockroach.
The giant cockroach looks even sicker.
The giant cockroach is moderately wounded.
You kill the giant cockroach!
The adder bites you.
* * * LOW HITPOINT WARNING * * *
The adder bites you but does no damage.
Throw: 11 darts (poison)
Press: ? - help, Q - select action, (/) - cycle Shift-Dir - straight line, f - adder
Aim: an adder (40% to hit)
You throw a poisoned dart. The poisoned dart hits the adder.
The adder is poisoned.
The adder bites you.
* * * LOW HITPOINT WARNING * * *
Throw: 10 darts (poison)
Press: ? - help, Q - select action, (/) - cycle Shift-Dir - straight line, f/p - adder
Aim: an adder (poisoned, 40% to hit)
You throw a poisoned dart. The poisoned dart misses the adder.
The adder bites you.
* * * LOW HITPOINT WARNING * * *
Unknown command.
Throw: 9 darts (poison)
Press: ? - help, Q - select action, (/) - cycle Shift-Dir - straight line, f/p - adder
Aim: an adder (moderately wounded, poisoned, 40% to hit)
You throw a poisoned dart.
The poisoned dart barely misses the adder.
The adder barely misses you.
The goblin unwields a +0 hunting sling.
The goblin wields a +0 club.
The goblin hits you with a +0 club.
* * * LOW HITPOINT WARNING * * *
The adder bites you.
You die...

####### ##.....#
+......+ #......#
#@.....##+#
#Sg........
#(........ ##
##..?..## #
....##.....##..#
#................
#........<.......
#................
#################


You could see an adder (poisoned) and a goblin.

Vanquished Creatures
  A gnoll (D:2)
  A dart slug (D:1)
  10 ball pythons
  3 giant cockroaches
  6 goblins
  3 hobgoblins
  2 jackals (D:1)
  6 bats
  6 frilled lizards (D:1)
  3 kobolds (D:1)
  A rat (D:2)
42 creatures vanquished.

Notes
Turn   | Place    | Note
-------+----------+-------------------------------------------
     0 | D:1      | Shadowsilk the Mummy Hunter began the quest for the Orb.
     0 | D:1      | Reached XP level 1. HP: 16/16 MP: 1/1
   105 | D:1      | Reached XP level 2. HP: 15/22 MP: 2/2
   325 | D:1      | Reached skill level 4 in Bows
   678 | D:2      | Reached XP level 3. HP: 7/27 MP: 3/3
  1614 | D:2      | Noticed Terence
  1681 | D:4      | HP: 1/27 [goblin (1)]
  1681 | D:4      | Slain by an adder

Illustrated notes

Levels and vault maps discovered:
D:1:      lightli_arrival_chessboard, layout_basic, serial_aquarium,
          aquarium_bridge_long_joined [aquarium_subvault_wall,
          aquarium_subvault_window, aquarium_subvault_wall,
          aquarium_subvault_bridge, aquarium_subvault_bridge,
          aquarium_subvault_bridge], aquarium_bridge_island_small
          [aquarium_subvault_small_open, aquarium_subvault_balcony,
          aquarium_subvault_window, aquarium_subvault_bridge,
          aquarium_subvault_balcony], aquarium_window_corridor_3,
          aquarium_window_fake, aquarium_window_2, aquarium_view_2a,
          aquarium_view_2d, aquarium_pool_four, minmay_tromino_v4_b
D:2:      layout_basic, ebering_ecumenical_altar_rust, minmay_quantized,
          uniq_terence
D:3:      layout_loops_ring, minmay_rat_hole
D:4:      layout_gridville, minmay_temple_entry_crystal_x,
          gammafunk_ghost_arena, nicolae_ossuary_entry_catacombs, minivault_11,
          nicolae_shop_unique_rings

Skill      XL: |  1  2 |
---------------+-------+-----
Bows           | 4 |  4.3
Fighting       | |  2.2
Armour         | |  0.1
Dodging        | |  1.7
Stealth        | |  0.7

Action                   || total
-------------------------++-------
Melee: Short sword       ||    24
 Fire: Shortbow          ||    91
Throw: Dart              ||     8
Armor: Leather armour    ||    24
       Ring mail         ||    12
Dodge: Dodged            ||    47

Table legend: (Time is in decaauts)
 A = Elapsed time spent in this place.
 B = Non-inter-level travel time spent in this place.
 C = Inter-level travel time spent in this place.
 D = Time resting spent in this place.
 E = Time spent auto-exploring this place.
 F = Levels seen in this place.
 G = Mean time per level.
                   A        B        C        D        E       F      G
               +--------+--------+--------+--------+--------+-----+--------+
         Total |   1693 |   1671 |     22 |    428 |    634 |   4 |  423.2 |
       Dungeon |   1693 |   1671 |     22 |    428 |    634 |   4 |  423.2 |
               +--------+--------+--------+--------+--------+-----+--------+

Top non-repeatable levels by time:
     D:1: 1241 daAuts
     D:2: 416 daAuts
     D:3: 24 daAuts
     D:4: 10 daAuts
